 Dungeon Crawl Stone Soup version 0.26.0-45-g9c1d065592 (webtiles) character file.

Game seed: 11811082635750623977

158 kaeus the Sneak (level 5, -6/33 HPs)
             Began as an Octopode Enchanter on Jan 29, 2021.
             Mangled by a gnoll
             ... wielding a +0 halberd
              (14 damage)
             ... on level 3 of the Dungeon.
             The game lasted 00:02:25 (2903 turns).

kaeus the Sneak (Octopode Enchanter)                Turns: 2903, Time: 00:02:26

Health: -6/33      AC:  1    Str:  7    XL:     5   Next: 39%
Magic:  8/8        EV: 11    Int: 18    God:
Gold:   55         SH:  6    Dex: 13    Spells: 3/9 levels left

rFire    . . .     SeeInvis .   c - +2 dagger (drain)
rCold    . . .     Faith    .   b - +0 kite shield
rNeg     . . .     Spirit   .   (helmet restricted)
rPois    .         Reflect  .   (no amulet)
rElec    .         Harm     .   (no ring)
rCorr    .         Rampage  .   (no ring)
Will     .....                  (no ring)
Stlth    ++++......             (no ring)
HPRegen  0.11/turn              (no ring)
MPRegen  0.11/turn              (no ring)
                                (no ring)
                                (no ring)

@: no status effects
A: almost no armour, stealthy swim, amphibious, 8 rings, constrict 8, camouflage
1, gelatinous body 1
a: no special abilities


You were on level 3 of the Dungeon.
You visited 1 branch of the dungeon, and saw 3 of its levels.

You collected 55 gold pieces.

Inventory:

Hand Weapons
 c - a +2 dagger of draining (weapon)
 l - a +0 dagger of speed
Armour
 b - a +0 kite shield (worn)
Jewellery
 e - an uncursed ring of fire
Scrolls
 a - a scroll of remove curse
 g - a scroll of identify
 i - a scroll of fear {unknown}
 j - a scroll of fog {unknown}
 k - a scroll of blinking {unknown}
 m - a scroll of amnesia {unknown}
Potions
 d - a potion of resistance {unknown}
 f - 3 potions of attraction {unknown}
 h - 2 potions of curing {unknown}


   Skills:
 + Level 1.4 Fighting
 + Level 1.8 Short Blades
 + Level 2.7 Dodging
 * Level 5.9 Stealth
 + Level 2.5 Spellcasting
 + Level 3.4 Hexes


You had 3 spell levels left.
You knew the following spells:

 Your Spells              Type           Power        Failure   Level
a - Corona                Hex            15%          28%         1
b - Ensorcelled Hibernat  Hex/Ice        16%          65%         2
c - Dazzling Flash        Conj/Hex       16%          87%         3

Your spell library contained the following spells:

 Spells                   Type           Power        Failure   Level
 Confusing Touch          Hex            14%          65%         3
 Tukima's Dance           Hex            14%          65%         3


Dungeon Overview and Level Annotations

Branches:
Dungeon (3/15)

Altars:
Elyvilon
Zin
The Shining One


Innate Abilities, Weirdness & Mutations

You cannot wear most types of armour.
You are very stealthy in the water. (Stealth+)
You are amphibious.
You can wear up to eight rings at the same time.
You can use your tentacles to constrict eight enemies at once.
Your skin changes colour to match your surroundings (Stealth+).
Your rubbery body absorbs attacks. (AC +1, EV +1)


Message History

You squeeze the gnoll!
The gnoll is almost dead.
You block the gnoll's attack. The gnoll hits you with a +0 club.
The orc priest looks satisfied for a moment.
There are monsters nearby!
You take 5 damage, and have 17/33 hp.
You barely miss the gnoll. You grab the gnoll.
The gnoll is almost dead.
You constrict the gnoll. The gnoll barely misses you.
There are monsters nearby!
You release your grip on the gnoll.
An orc comes into view. It is wielding a +0 short sword.
The gnoll hits you but does no damage.
The gnoll hits you from afar with a +0 halberd.
You take 5 damage, and have 12/33 hp.
The orc priest looks satisfied for a moment.
The gnoll hits you with a +0 club.
* * * LOW HITPOINT WARNING * * *
The gnoll hits you from afar with a +0 halberd!
You die...

#.#.#.#.#
#.#..###.#.#.#
#...#.#.#
#####..........#
#### #####...#
#..........##.#.#
#... #####
#.#####.#...#.#.#
#.## #. #.....#.#.#
#.# #.##
####....#.###'## ...
#.<...###.'.....
#.###.##.#....###+##
#..@..##.)..#.#
#.g##.#######.#
#g.##># #†# o.o.####
#.# #.###.# #.# #
#.# #.# (.# #.. ###
###


You could see an orc priest, 2 gnolls and an orc.

Vanquished Creatures
  4 gnolls (D:3)
  5 adders
  2 oozes
  2 worms (D:2)
  An orc (D:3)
  5 bats
  2 giant cockroaches
  8 goblins
  4 hobgoblins
  8 jackals (D:3)
  8 kobolds
  A quokka (D:3)
  2 ball pythons
  4 frilled lizards
  6 rats
62 creatures vanquished.

Notes
Turn   | Place    | Note
-------+----------+-------------------------------------------
     0 | D:1      | kaeus the Octopode Enchanter began the quest for the Orb.
     0 | D:1      | Reached XP level 1. HP: 11/11 MP: 3/3
   378 | D:1      | Reached XP level 2. HP: 17/17 MP: 5/5
  1317 | D:2      | Reached XP level 3. HP: 22/22 MP: 6/6
  1408 | D:2      | Reached skill level 5 in Stealth
  1874 | D:2      | Found a glowing golden altar of the Shining One.
  1874 | D:2      | Found a glowing silver altar of Zin.
  1874 | D:2      | Found a white marble altar of Elyvilon.
  1923 | D:2      | Reached skill level 1 in Fighting
  1923 | D:2      | Reached XP level 4. HP: 19/28 MP: 7/7
  2163 | D:2      | Learned a level 2 spell: Ensorcelled Hibernation
  2167 | D:2      | Learned a level 3 spell: Dazzling Flash
  2506 | D:3      | Found a faded altar of an unknown god.
  2621 | D:3      | Reached XP level 5. HP: 12/33 MP: 8/8
  2903 | D:3      | Mangled by a gnoll

Illustrated notes

Levels and vault maps discovered:
D:1:      dpeg_arrival_rhombus, layout_basic
D:2:      layout_rooms, good_gods_mini_temple, chequers_serial_rivers_marsh,
          hangedman_decor_diamond_cutter
D:3:      layout_basic, chequers_ecumenical_altar_twisty, minmay_door_square,
          amcnicky_altar_gilded

Skill      XL: |  1  2  3 |
---------------+----------+-----
Stealth        | 5 |  5.9
Fighting       | 1 |  1.4
Short Blades   | |  1.8
Dodging        | |  2.7
Spellcasting   | |  2.5
Hexes          | |  3.4

Action                   |  1- 3 |  4- 6 || total
-------------------------+-------+-------++-------
Melee: Dagger            |    80 |    60 ||   140
       Constrict         |    12 |     9 ||    21
       Tentacles         |     4 |     6 ||    10
  Use: Scroll            |     3 |       ||     3
 Stab: Sleeping          |    10 |    10 ||    20
       Distracted        |       |     1 ||     1
Armor: Skin              |    11 |     4 ||    15
Dodge: Dodged            |    19 |    23 ||    42
Block: Kite shield       |    16 |    13 ||    29
